 Dungeon Crawl Stone Soup version 0.31-a0-700-gf13585253f (webtiles) character file.

Game seed: 11283104597752764318

6671 qw the Skirmisher (level 11, 0/71 HPs)
             Began as a Gargoyle Hunter on Sept 7, 2023.
             Was a Follower of Okawaru.
             Slain by a vampire (2 damage)
             ... on level 10 of the Dungeon.
             The game lasted 00:04:26 (8632 turns).

qw the Skirmisher (Gargoyle Hunter)                 Turns: 8632, Time: 00:04:27

Health: 0/71       AC: 18    Str: 14    XL:     11   Next: 3%
Magic:  14/14      EV: 12    Int: 11    God:    Okawaru [*.....]
Gold:   360        SH:  0    Dex: 17    Spells: 10/10 levels left

rFire   . . .        Y - +2 shortbow (freeze)
rCold   + . .        (shield currently unavailable)
rNeg    + . .        h - +0 ring mail {rC+}
rPois   inf          (no helmet)
rElec   +            (no cloak)
rCorr   .            j - +0 pair of gloves
SInv    .            e - +2 pair of boots
Will    .....        (no amulet)
Stlth   +            (no ring)
HPRegen 0.31/turn    (no ring)
MPRegen 0.14/turn

%: no passive effects
@: no status effects
A: sickness immunity, AC +8, negative energy resistance 1, electricity
resistance, torment resistance 1, petrification resistance
a: Renounce Religion, Heroism


You were on level 10 of the Dungeon.
You worshipped Okawaru.
Okawaru was aware of your devotion.
You visited 2 branches of the dungeon, and saw 11 of its levels.

You collected 536 gold pieces.
You spent 176 gold pieces at shops.


Innate Abilities, Weirdness & Mutations

You are immune to sickness and miasma.
Your stone body is resilient. (AC +8)
You are immune to poison.
You resist negative energy. (rN+)
You are resistant to electric shocks. (rElec)
You are resistant to unholy torment.
You are immune to petrification.


   Skills:
 - Level 9.1 Fighting
 + Level 13.3 Ranged Weapons
 - Level 4.2 Armour
 - Level 3.0 Dodging
 - Level 1.1 Stealth
 - Level 4.0 Invocations


You had 10 spell levels left.
You didn't know any spells.
Your spell library was empty.

Inventory:

Hand Weapons
 Y - a +2 shortbow of freezing (weapon)
Armour
 e - a +2 pair of boots (worn)
 h - a +0 ring mail of cold resistance (worn)
 j - a +0 pair of gloves (worn)
Scrolls
 a - a scroll of vulnerability {unknown}
 f - 5 scrolls of identify
Potions
 b - 6 potions of curing
 c - a potion of resistance
 d - a potion of enlightenment
 g - a potion of heal wounds
 i - 3 potions of haste
 l - a potion of cancellation
 n - 2 potions of mutation

Dungeon Overview and Level Annotations

Branches:
Dungeon (10/15)            Temple (1/1) D:4             Orc (0/2) D:9
   Lair: D:8-11

Altars:
Ashenzari
Cheibriados
Dithmenos
Elyvilon
Fedhas
Gozag
Hepliaklqana
Kikubaaqudgha
Makhleb
Nemelex Xobeh
Okawaru
Qazlal
Ru
Sif Muna
Trog
Uskayaw
Vehumet
Wu Jian
Xom
Yredelemnul
Zin
The Shining One

Shops:
D:4 !:*

Annotations:
D:5 5 runed translucent doors


Message History

Something hits you but does no damage. Something bites you!
You shoot an arrow. Something hits you! Something barely misses you.
You shoot an arrow. Something hits you but does no damage.
Something bites you but does no damage.
You shoot an arrow. You shoot an arrow. Something hits you.
Something bites you but does no damage.
You shoot an arrow. Something hits you. Something bites you.
You shoot an arrow. Something hits you but does no damage.
Something bites you but does no damage.
You shoot an arrow. Something hits you! Something bites you but does no damage.
You shoot an arrow. Something hits you but does no damage.
Something bites you but does no damage.
You shoot an arrow. Something hits you but does no damage.
Something bites you but does no damage.
You shoot an arrow. You shoot an arrow.
You hear some strange, mumbled words.
Something tries to affect you, but you resist.
You shoot an arrow. Something hits you but does no damage.
Something bites you but does no damage.
You shoot an arrow. Something hits you but does no damage. Something bites you.
You shoot an arrow. Something barely misses you.
Something bites you but does no damage.
You shoot an arrow. You shoot an arrow. Something hits you.
Something bites you but does no damage.
You shoot an arrow. Something hits you but does no damage.
Something bites you but does no damage.
You shoot an arrow. Something hits you! Something completely misses you.
You shoot an arrow. Something hits you but does no damage. Something bites you!
You shoot an arrow. Something hits you! Something bites you.
You die...

..#.....##...###
#.....(##.....####..#..
#.......#..###$.....#..
#.........## ........
#.........# .......
#<.........# #....#
.#.........# #...#
####...###.## ##{..#
##.## ##.###.@.# #.
##..#...# ## ##.....#
#....## .......#
#####.### ###


There were no monsters in sight!

Vanquished Creatures
  A komodo dragon (D:9)
  A troll (D:9)
  A hornet (D:9)
  Sigmund (D:4)
  4 wyverns
  4 yaks (D:9)
  A steam dragon (D:6)
  A warg (D:9)
  2 water moccasins
  A black bear (D:4)
  3 sky beasts
  An ice beast (D:6)
  4 orc warriors
  3 centaurs
  3 phantoms
  3 kobold brigands
  6 scorpions
  A bullfrog (D:7)
  An elf skeleton (D:6)
  A water moccasin zombie (D:4)
  17 wights
  A water moccasin skeleton (D:4)
  4 howler monkeys (D:9)
  9 orc priests
  A hound (D:7)
  2 human zombies (D:6)
  2 jellies (D:6)
  3 sleepcaps
  Ijyb (D:3)
  8 iguanas
  5 orc wizards
  A human skeleton (D:6)
  A hound zombie (D:4)
  8 adders
  2 shadow imps
  4 white imps
  An ufetubus (D:3)
  3 worms
  A dart slug (D:4)
  29 orcs
  6 ball pythons
  2 endoplasms
  8 giant cockroaches
  5 goblins
  5 hobgoblins
  7 jackals (D:2)
  5 quokkas
  5 bats
  3 frilled lizards (D:3)
  21 kobolds
  2 orc skeletons (D:6)
  3 rats
218 creatures vanquished.

Notes
Turn   | Place    | Note
-------+----------+-------------------------------------------
     0 | D:1      | qw the Gargoyle Hunter began the quest for the Orb.
     0 | D:1      | Reached XP level 1. HP: 12/12 MP: 1/1
     0 | D:1      | 0 ||| qw: Version: 0.3-a-76-g4403597
     0 | D:1      | 0 ||| qw: Game counter: 460
     0 | D:1      | 0 ||| qw: Melee chars always use a shield: true
     0 | D:1      | 0 ||| qw: God list: Okawaru
     0 | D:1      | 0 ||| qw: Allow faded altars: false
     0 | D:1      | 0 ||| qw: Do Orc after clearing Dungeon:15 true
     0 | D:1      | 0 ||| qw: Do second Lair branch before Depths: true
     0 | D:1      | 0 ||| qw: Lair rune preference: random
     0 | D:1      | 0 ||| qw: Goals: Normal
     0 | D:1      | 0 ||| PLANNING D:1-11
   119 | D:1      | Reached XP level 2. HP: 17/17 MP: 2/2
   553 | D:1      | 553 ||| READING scroll labelled ATENNAESOU.
   556 | D:1      | 556 ||| READING 2 scrolls labelled ROHA NESSIANT.
   557 | D:1      | 557 ||| READING scroll labelled ZOHANI WAKIA.
   558 | D:1      | 558 ||| DROPPING scroll of butterflies.
   598 | D:2      | Reached XP level 3. HP: 21/21 MP: 3/3
   603 | D:2      | Reached skill level 5 in Ranged Weapons
   762 | D:2      | Reached skill level 3 in Fighting
   762 | D:2      | Reached XP level 4. HP: 24/28 MP: 4/4
  1119 | D:2      | 1119 ||| UPGRADING to +2 pair of boots.
  1124 | D:2      | 1124 ||| UPGRADING to +0 pair of gloves.
  1129 | D:2      | 1129 ||| READING scroll labelled JANESO CICAUMI.
  1130 | D:2      | 1130 ||| READING scroll labelled WOFAFO SUTT.
  1231 | D:2      | 1231 ||| READING scroll labelled RECOCH VIUZ.
  1232 | D:2      | 1232 ||| READING scroll labelled QIAREADIWU.
  1251 | D:2      | 1251 ||| READING scroll labelled XOGUCWUELE.
  1252 | D:2      | 1252 ||| READING scroll labelled NOAS COKHLAC.
  1253 | D:2      | 1253 ||| READING 2 scrolls of identify.
  1253 | D:2      | 1253 ||| IDENTIFYING grey potion
  1254 | D:2      | 1254 ||| DROPPING potion of attraction.
  1278 | D:3      | 1278 ||| STAIRDANCE
  1298 | D:3      | 1298 ||| STAIRDANCE
  1365 | D:3      | Reached skill level 1 in Armour
  1365 | D:3      | 1365 ||| FLEEEEING.
  1366 | D:3      | 1366 ||| FLEEEEING.
  1367 | D:3      | 1367 ||| STAIRDANCE
  1376 | D:2      | 1376 ||| UPGRADING to +0 ring mail.
  1386 | D:2      | 1386 ||| DROPPING +0 leather armour.
  1792 | D:3      | Noticed Ijyb
  1812 | D:3      | Killed Ijyb
  1813 | D:3      | Reached XP level 5. HP: 20/32 MP: 5/5
  1860 | D:3      | Found a faded altar of an unknown god.
  2078 | D:3      | Reached skill level 6 in Ranged Weapons
  2289 | D:3      | 2289 ||| READING scroll labelled UBLYTTU CUCY.
  2290 | D:3      | 2290 ||| READING 3 scrolls of identify.
  2290 | D:3      | 2290 ||| IDENTIFYING inky potion
  2291 | D:3      | 2291 ||| READING 2 scrolls of identify.
  2291 | D:3      | 2291 ||| IDENTIFYING metallic yellow potion
  2292 | D:3      | 2292 ||| DROPPING potion of ambrosia.
  2343 | D:4      | Found Liqir's Tiny Tomes.
  2384 | D:4      | Found Avvomu's General Store.
  2393 | D:4      | 2393 ||| SHOPLISTING ring of Joacouzo {Wiz rF+} (528 gold,
                  | have 149).
  2453 | D:4      | Noticed a phantom
  2454 | D:4      | 2454 ||| Stepping ~*~*~tactically~*~*~ (retreating).
  2463 | D:4      | 2463 ||| Stepping ~*~*~tactically~*~*~ (retreating).
  2464 | D:4      | 2464 ||| Stepping ~*~*~tactically~*~*~ (retreating).
  2470 | D:4      | 2470 ||| Stepping ~*~*~tactically~*~*~ (retreating).
  2471 | D:4      | 2471 ||| Stepping ~*~*~tactically~*~*~ (retreating).
  2472 | D:4      | 2472 ||| Stepping ~*~*~tactically~*~*~ (retreating).
  2473 | D:4      | 2473 ||| Stepping ~*~*~tactically~*~*~ (retreating).
  2480 | D:4      | 2480 ||| Stepping ~*~*~tactically~*~*~ (retreating).
  2482 | D:4      | Killed a phantom
  2483 | D:4      | Reached XP level 6. HP: 32/39 MP: 6/6
  2713 | D:4      | Found a staircase to the Ecumenical Temple.
  2714 | D:4      | 2714 ||| PLANNING TEMPLE
  2714 | D:4      | 2714 ||| READING 2 scrolls of identify.
  2714 | D:4      | 2714 ||| IDENTIFYING yellow potion
  2719 | D:4      | Noticed Sigmund
  2742 | D:4      | Killed Sigmund
  2743 | D:4      | Reached skill level 7 in Ranged Weapons
  2743 | D:4      | Reached XP level 7. HP: 17/44 MP: 7/7
  2844 | Temple   | Entered the Ecumenical Temple
  2845 | Temple   | 2845 ||| PLANNING D:1-11
  2919 | D:4      | Found Qutzan's Distillery.
  3181 | D:4      | 3181 ||| BUYING potion of curing (33 gold).
  3181 | D:4      | Bought a potion of curing for 33 gold pieces
  3181 | D:4      | 3181 ||| BUYING potion of curing (33 gold).
  3181 | D:4      | Bought a potion of curing for 33 gold pieces
  3181 | D:4      | 3181 ||| BUYING potion of haste (110 gold).
  3181 | D:4      | Bought a potion of haste for 110 gold pieces
  3181 | D:4      | 3181 ||| SHOPLISTING potion of heal wounds (55 gold, have
                  | 8).
  3268 | D:4      | 3268 ||| READING scroll labelled XOVAUD BEARR.
  3269 | D:4      | 3269 ||| READING 2 scrolls of identify.
  3269 | D:4      | 3269 ||| IDENTIFYING glowing brown potion
  3273 | D:5      | Entered Level 5 of the Dungeon
  3274 | D:5      | 3274 ||| STAIRDANCE
  3287 | D:4      | Reached skill level 8 in Ranged Weapons
  3334 | D:5      | 3334 ||| STAIRDANCE
  3479 | D:5      | Found the +9 staff of Olgreb {rPois∞}
  3491 | D:5      | Found a runed translucent gate.
  3491 | D:5      | Found a runed translucent gate.
  3492 | D:5      | Found a runed translucent door.
  3510 | D:5      | Found a runed translucent gate.
  3521 | D:5      | Reached XP level 8. HP: 37/49 MP: 8/8
  3572 | D:5      | Found a runed translucent door.
  3986 | D:5      | Reached skill level 9 in Ranged Weapons
  4310 | D:5      | 4310 ||| DROPPING +6 ring of intelligence.
  4311 | D:5      | 4311 ||| READING scroll labelled BOUSTE HIAF.
  4312 | D:5      | 4312 ||| READING scroll labelled WUXI BAWEJO.
  4313 | D:5      | 4313 ||| READING 2 scrolls of identify.
  4313 | D:5      | 4313 ||| IDENTIFYING smoky coppery potion
  4330 | D:6      | 4330 ||| PLANNING OSSUARY
  4453 | D:6      | Reached skill level 6 in Fighting
  4515 | D:6      | Found a shadowy altar of Dithmenos.
  4516 | D:6      | Found a hide-covered altar of Uskayaw.
  4516 | D:6      | Found an opulent altar of Gozag.
  4522 | D:6      | Found a radiant altar of Vehumet.
  4522 | D:6      | Found a sparkling altar of Nemelex Xobeh.
  4524 | D:6      | Found an iron altar of Okawaru.
  4524 | D:6      | Found a shimmering altar of Xom.
  4525 | D:6      | Found a blossoming altar of Fedhas.
  4604 | D:6      | Reached skill level 10 in Ranged Weapons
  4620 | D:6      | Reached skill level 3 in Armour
  4620 | D:6      | Reached XP level 9. HP: 51/55 MP: 9/9
  4928 | D:6      | 4928 ||| RIP OSSUARY
  4929 | D:6      | 4929 ||| PLANNING OKAWARU WORSHIP
  4930 | D:6      | 4930 ||| DRINKING 2 metallic amethyst potions.
  4931 | D:6      | 4931 ||| DRINKING 2 bubbling green potions.
  4932 | D:6      | 4932 ||| READING 2 scrolls of identify.
  4932 | D:6      | 4932 ||| IDENTIFYING glowing blue potion
  4933 | D:6      | 4933 ||| DROPPING potion of brilliance.
  4934 | D:6      | 4934 ||| DROPPING potion of degeneration.
  4989 | D:6      | Became a worshipper of Warmaster Okawaru
  4990 | D:6      | 4990 ||| PLANNING D:1-11
  5235 | D:7      | 5235 ||| STAIRDANCE
  5448 | D:7      | Found a flagged portal.
  5459 | D:7      | Identified the +6 halberd of Gozag's Wrath {heavy, +Blink
                  | Will+ Str-5 Int+3}
  5491 | D:7      | Reached skill level 11 in Ranged Weapons
  5528 | D:7      | Reached * piety under Okawaru
  5574 | D:7      | Reached skill level 1 in Invocations
  5587 | D:7      | Identified the +11 scale mail of Action {rPois Will+ Str+3}
  5593 | D:7      | 5593 ||| INVOKING Heroism.
  5598 | D:7      | Reached skill level 3 in Dodging
  5608 | D:7      | 5608 ||| INVOKING Heroism.
  5654 | D:7      | 5654 ||| FLEEEEING.
  5655 | D:7      | 5655 ||| FLEEEEING.
  5656 | D:7      | 5656 ||| FLEEEEING.
  6043 | D:7      | 6043 ||| UPGRADING to +0 ring mail of cold resistance.
  6053 | D:7      | 6053 ||| DROPPING +0 ring mail.
  6054 | D:7      | 6054 ||| READING scroll labelled MUINEREIRE.
  6055 | D:7      | 6055 ||| READING 2 scrolls of identify.
  6055 | D:7      | 6055 ||| IDENTIFYING blue potion
  6069 | D:8      | 6069 ||| STAIRDANCE
  6113 | D:8      | Reached skill level 3 in Invocations
  6113 | D:8      | Reached XP level 10. HP: 56/64 MP: 12/12
  6367 | D:8      | 6367 ||| Stepping ~*~*~tactically~*~*~ (retreating).
  6368 | D:8      | 6368 ||| Stepping ~*~*~tactically~*~*~ (retreating).
  6369 | D:8      | 6369 ||| Stepping ~*~*~tactically~*~*~ (retreating).
  6370 | D:8      | 6370 ||| Stepping ~*~*~tactically~*~*~ (retreating).
  6371 | D:8      | 6371 ||| Stepping ~*~*~tactically~*~*~ (retreating).
  6372 | D:8      | 6372 ||| Stepping ~*~*~tactically~*~*~ (retreating).
  6373 | D:8      | 6373 ||| RETREATING.
  6507 | D:8      | 6507 ||| INVOKING Heroism.
  6756 | D:8      | 6756 ||| INVOKING Heroism.
  6890 | D:8      | 6890 ||| READING 2 scrolls of identify.
  6890 | D:8      | 6890 ||| IDENTIFYING clear potion
  6891 | D:8      | 6891 ||| DROPPING potion of invisibility.
  7002 | D:9      | 7002 ||| RETREATING.
  7006 | D:9      | 7006 ||| Stepping ~*~*~tactically~*~*~ (retreating).
  7007 | D:9      | 7007 ||| Stepping ~*~*~tactically~*~*~ (retreating).
  7021 | D:9      | Reached skill level 12 in Ranged Weapons
  7026 | D:9      | 7026 ||| INVOKING Heroism.
  7029 | D:9      | HP: 9/64 [yak (13)]
  7030 | D:9      | 7030 ||| READING scroll of teleportation.
  7031 | D:9      | 7031 ||| DRINKING 2 potions of heal wounds.
  7084 | D:9      | 7084 ||| FLEEEEING.
  7146 | D:9      | 7146 ||| INVOKING Heroism.
  7306 | D:9      | 7306 ||| READING scroll of enchant weapon.
  7306 | D:9      | 7306 ||| ENCHANTING +1 shortbow of freezing.
  7442 | D:9      | 7442 ||| INVOKING Heroism.
  7678 | D:9      | 7678 ||| INVOKING Heroism.
  7940 | D:9      | 7940 ||| FLEEEEING.
  8015 | D:9      | Reached skill level 13 in Ranged Weapons
  8031 | D:9      | Reached ** piety under Okawaru
  8042 | D:9      | 8042 ||| INVOKING Heroism.
  8075 | D:9      | 8075 ||| Stepping ~*~*~tactically~*~*~ (retreating).
  8079 | D:9      | 8079 ||| INVOKING Heroism.
  8155 | D:9      | 8155 ||| INVOKING Heroism.
  8163 | D:9      | Reached skill level 9 in Fighting
  8181 | D:9      | 8181 ||| INVOKING Heroism.
  8199 | D:9      | Found a staircase to the Orcish Mines.
  8215 | D:9      | 8215 ||| DRINKING 7 potions of curing.
  8215 | D:9      | 8215 ||| (to cure confusion)
  8216 | D:9      | 8216 ||| Stepping ~*~*~tactically~*~*~ (outnumbered).
  8218 | D:9      | 8218 ||| Stepping ~*~*~tactically~*~*~ (outnumbered).
  8314 | D:9      | Reached XP level 11. HP: 71/71 MP: 14/14
  8317 | D:9      | 8317 ||| READING 5 scrolls of identify.
  8317 | D:9      | 8317 ||| IDENTIFYING fizzy puce potion
  8318 | D:9      | 8318 ||| DROPPING potion of berserk rage.
  8380 | D:10     | Entered Level 10 of the Dungeon
  8383 | D:10     | 8383 ||| STAIRDANCE
  8498 | D:10     | 8498 ||| INVOKING Heroism.
  8631 | D:10     | HP: 9/71 [something (9)]
  8632 | D:10     | HP: 2/71 [something (8)]
  8632 | D:10     | Slain by a vampire

Levels and vault maps discovered:
D:1:      minmay_arrival_hallway, layout_basic, minmay_misc_feat_x
D:2:      layout_rooms, serial_bayou_lagoon_a, kennysheep_generic_room_2
D:3:      layout_loops_corners, ebering_ecumenical_altar_webs, glass_columns_a,
          uniq_ijyb
D:4:      layout_loops_ring, minmay_temple_entry_ruins, serial_shops, shop,
          serial_undead, serial_undead_b, serial_undead_d, serial_undead_d,
          serial_undead_b, nicolae_shop_i_like_small_books_too,
          kennysheep_windowed_goal, uniq_sigmund
D:5:      layout_loops_ring, hex_medium, minmay_guarded_unrand_staff_of_olgreb
D:6:      layout_basic, grunt_temple_overflow_open,
          nicolae_ossuary_entry_catacombs
D:7:      layout_cave_pools, enter_bailey_2, grunt_decor_clamped,
          minmay_tree_intersection
D:8:      layout_basic
D:9:      layout_loops_ring, david_orc_1_choice, nicolae_sextant
D:10:     layout_layer_cave, dreamdust_deal_with_the_devil, amethyst_killhole,
          lightli_wizard_tower
Temple:   nicolae_temple_great_sept

Skill      XL: |  1  2  3  4  5  6  7  8  9 10 |
---------------+-------------------------------+-----
Ranged Weapons | 5 6 7 8 10 11 13 | 13.3
Fighting       | 3 4 5 6 8 9 |  9.1
Armour         | 1 2 3 4 |  4.2
Dodging        | 2 3 |  3.0
Invocations    | 3 4 |  4.0
Stealth        | |  1.1

Action                     |  1- 3 |  4- 6 |  7- 9 | 10-12 || total
---------------------------+-------+-------+-------+-------++-------
   Fire: Shortbow          |    90 |   228 |   464 |   327 ||  1109
 Invoke: Heroism           |       |       |     2 |    11 ||    13
    Use: Scroll            |     3 |    11 |     8 |     4 ||    26
         Potion            |       |       |     2 |     2 ||     4
 Armour: Leather armour    |    61 |    29 |       |       ||    90
         Ring mail         |       |    87 |   215 |   129 ||   431
  Dodge: Dodged            |    65 |    89 |   147 |    74 ||   375

Table legend:
 A = Non-vault XP
 B = Vault XP
 C = Vault XP percentage of total XP
 D = Non-vault monster count
 E = Vault monster count
 F = Vault count percentage of total count
                 A         B        C        D         E       F
            +---------+---------+-------+---------+---------+-------
      Total |    8228 |    1302 |  13.7 |     192 |      26 |  11.9
            +---------+---------+-------+---------+---------+-------
        D:1 |      29 |       0 |   0.0 |      17 |       0 |   0.0
        D:2 |      65 |       1 |   1.5 |      22 |       1 |   4.3
        D:3 |     109 |      36 |  24.8 |      24 |       1 |   4.0
        D:4 |     294 |     621 |  67.9 |      15 |       9 |  37.5
        D:5 |     532 |       0 |   0.0 |      15 |       0 |   0.0
        D:6 |    1222 |     202 |  14.2 |      21 |       6 |  22.2
        D:7 |    1282 |       0 |   0.0 |      25 |       0 |   0.0
        D:8 |    1418 |       0 |   0.0 |      20 |       0 |   0.0
        D:9 |    3026 |     442 |  12.7 |      29 |       9 |  23.7
       D:10 |     251 |       0 |   0.0 |       4 |       0 |   0.0
            +---------+---------+-------+---------+---------+-------
